[Event "ICC tourney 2351 (30 5)"]
[Site "Internet Chess Club"]
[Date "2021.01.30"]
[Round "3"]
[White "RichieHeller"]
[Black "ASmith2010"]
[Result "0-1"]
[ICCResult "White resigns"]
[WhiteElo "841"]
[BlackElo "1023"]
[Opening "Sicilian: Steinitz variation"]
[ECO "B20"]
[NIC "SI.48"]
[Time "14:02:19"]
[PlyCount "78"]
[TimeControl "1800+5"]

1. e4 c5 2. g3 d6 3. Nf3 Nc6 4. Bg2 Nf6 5. Nc3 g6 6. d3 Bg7 7. Be3 Bd7 8.
d4 cxd4 9. Nxd4 Nxd4 10. Bxd4 O-O 11. Qd2 a6 12. h3 Rc8 13. Be3 Be6 14. Bh6
Re8 15. Bxg7 Kxg7 16. e5 dxe5 17. Qxd8 Rcxd8 18. Bxb7 Rb8 19. Bxa6 Rxb2 20.
Bd3 Bf5 21. Bxf5 gxf5 22. O-O-O Rbb8 23. Rhe1 e4 24. Nd5 Nxd5 25. Rxd5 e6
26. Re5 Ra8 27. Kb1 Reb8+ 28. Ka1 Rc8 29. Re2 Rd8 30. Re1 Rd2 31. g4 fxg4
32. hxg4 Rxc2 33. R5xe4 Raxa2+ 34. Kb1 Rxf2 35. Rb4 Rae2 36. Rh1 Rh2 37.
Rg1 Reg2 38. Rf1 Rh4 39. Rff4 Rh1+ { White resigns } 0-1

[Event "ICC tourney 2351 (30 5)"]
[Site "Internet Chess Club"]
[Date "2021.01.30"]
[Round "3"]
[White "Jairrycs"]
[Black "Noah7474"]
[Result "0-1"]
[ICCResult "White checkmated"]
[WhiteElo "965"]
[BlackElo "1145"]
[Opening "Van't Kruijs opening"]
[ECO "A00"]
[Time "14:02:19"]
[PlyCount "62"]
[TimeControl "1800+5"]

1. e3 e6 2. e4 Nc6 3. Nf3 Nf6 4. Nc3 d6 5. Bc4 Be7 6. d3 O-O 7. Be3 e5 8.
Qd2 Ng4 9. O-O-O Nd4 10. Bxd4 exd4 11. Nxd4 c5 12. Nf3 h6 13. h3 Ne5 14.
Nxe5 dxe5 15. Qe3 Bg5 16. Qd2 Bxd2+ 17. Rxd2 Be6 18. Bxe6 fxe6 19. Re1 Qg5
20. g3 a6 21. h4 Qg4 22. Kb1 b5 23. Rf1 Rab8 24. Rg1 a5 25. b3 Qg6 26. Ka1
Qe8 27. Nb1 b4 28. c3 Qd7 29. cxb4 Qd4+ 30. Rb2 Rxf2 31. a3 Qxb2# { White
checkmated } 0-1

[Event "ICC tourney 2351 (30 5)"]
[Site "Internet Chess Club"]
[Date "2021.01.30"]
[Round "3"]
[White "ArielB"]
[Black "GibsonH"]
[Result "1-0"]
[ICCResult "Black resigns"]
[WhiteElo "979"]
[BlackElo "1099"]
[Opening "Sicilian: Alapin's variation (2.c3)"]
[ECO "B22"]
[NIC "SI.46"]
[Time "14:02:14"]
[PlyCount "78"]
[TimeControl "1800+5"]

1. e4 c5 2. c3 d6 3. Nf3 Nc6 4. d4 cxd4 5. cxd4 Nf6 6. Nc3 Bg4 7. Be2 e6 8.
O-O Be7 9. h3 Bh5 10. Bf4 Bg6 11. e5 dxe5 12. dxe5 Nxe5 13. Qxd8+ Rxd8 14.
Nxe5 O-O 15. Nxg6 fxg6 16. Rad1 Nd5 17. Nxd5 exd5 18. Be3 Bf6 19. b3 d4 20.
Bf4 Be7 21. Be5 Bf6 22. Bxf6 gxf6 23. Bc4+ Kg7 24. Rfe1 h5 25. Re4 a6 26.
Rexd4 Rxd4 27. Rxd4 Kh6 28. a4 Re8 29. Rd6 f5 30. Bf7 Re7 31. Bxg6 Kg5 32.
f4+ Kxf4 33. Bxh5 Kg3 34. Rd3+ Kh4 35. Bf3 f4 36. Kh2 b5 37. Rd5 Rh7 38.
axb5 axb5 39. Rxb5 Rg7 { Black resigns } 1-0

[Event "ICC tourney 2351 (30 5)"]
[Site "Internet Chess Club"]
[Date "2021.01.30"]
[Round "3"]
[White "Aidan04"]
[Black "SAHEliz"]
[Result "0-1"]
[ICCResult "White checkmated"]
[WhiteElo "831"]
[BlackElo "1035"]
[Opening "Four knights: Spanish, classical defense"]
[ECO "C48"]
[NIC "KP.03"]
[Time "14:01:42"]
[PlyCount "92"]
[TimeControl "1800+5"]

1. e4 e5 2. Nf3 Nf6 3. Nc3 Nc6 4. Bb5 Bc5 5. O-O d6 6. Bxc6+ bxc6 7. d3 O-O
8. Be3 Bxe3 9. fxe3 Re8 10. h3 d5 11. exd5 cxd5 12. Re1 Bf5 13. e4 dxe4 14.
dxe4 Bg6 15. Kf2 Qe7 16. Qd3 Nh5 17. g3 Rad8 18. Qe3 Ra8 19. Rad1 Qe6 20.
g4 Nf6 21. Nd5 Nxd5 22. Rxd5 h6 23. Rxe5 Qxa2 24. Rxe8+ Rxe8 25. Nd2 Qxb2
26. Qb3 Qf6+ 27. Qf3 Qh4+ 28. Qg3 Qf6+ 29. Qf3 Qd4+ 30. Qe3 Qb2 31. Qb3 Qe5
32. Kf3 Qf6+ 33. Kg3 h5 34. gxh5 Bxh5 35. Rf1 Qg5+ 36. Kh2 Qxd2+ 37. Kg1
Qd4+ 38. Kg2 Qxe4+ 39. Kg1 Qg6+ 40. Kh1 Be2 41. Rg1 Qh6 42. Qg3 Re3 43.
Qxc7 Rxh3+ 44. Kg2 Bf3+ 45. Kf2 Qd2+ 46. Kf1 Qe2# { White checkmated } 0-1

[Event "ICC tourney 2351 (30 5)"]
[Site "Internet Chess Club"]
[Date "2021.01.30"]
[Round "3"]
[White "Smittyboy13"]
[Black "August2012"]
[Result "0-1"]
[ICCResult "White checkmated"]
[WhiteElo "808"]
[BlackElo "930"]
[Opening "Queen's pawn: Charlick (Englund) gambit"]
[ECO "A40"]
[NIC "QO.17"]
[Time "14:01:58"]
[PlyCount "128"]
[TimeControl "1800+5"]

1. d4 e5 2. dxe5 Bc5 3. Nf3 d6 4. Nc3 Nc6 5. Bf4 Nge7 6. e3 Ng6 7. exd6
Nxf4 8. exf4 Bxd6 9. Bd3 O-O 10. O-O Bxf4 11. Ne2 Bh6 12. Ng3 Be6 13. Re1
Re8 14. Ne4 Bd5 15. c4 Be6 16. Nc5 b6 17. Nxe6 Rxe6 18. Rxe6 fxe6 19. Qe2
Nb4 20. Rd1 Qf6 21. g3 Rd8 22. Qe4 Qf5 23. Qxf5 exf5 24. Ne5 Bg5 25. a3
Nxd3 26. Rxd3 Rxd3 27. Nxd3 Kf7 28. f4 Bf6 29. Kf2 Ke6 30. Ke3 h6 31. b4 g5
32. fxg5 hxg5 33. h3 c6 34. c5 b5 35. Kf3 Kd5 36. g4 Kd4 37. Nf2 f4 38. Ne4
Be7 39. Nd6 Kc3 40. Nc8 Bf8 41. Nxa7 Kb3 42. Nxc6 Kxa3 43. Na7 Kxb4 44. c6
Bd6 45. Nc8 Kc5 46. Nxd6 Kxd6 47. c7 Kxc7 48. h4 gxh4 49. g5 Kd7 50. Kxf4
Ke6 51. Kg4 b4 52. g6 Kf6 53. Kh5 Kg7 54. Kxh4 b3 55. Kh5 b2 56. Kg5 b1=Q
57. Kh5 Qxg6+ 58. Kh4 Kf6 59. Kh3 Qg5 60. Kh2 Qg4 61. Kh1 Kf5 62. Kh2 Kf4
63. Kh1 Kf3 64. Kh2 Qg2# { White checkmated } 0-1

[Event "ICC tourney 2351 (30 5)"]
[Site "Internet Chess Club"]
[Date "2021.01.30"]
[Round "3"]
[White "ChessPandaLu"]
[Black "Gabesw"]
[Result "0-1"]
[ICCResult "White checkmated"]
[WhiteElo "305"]
[BlackElo "903"]
[Opening "Two knights defense (Modern bishop's opening)"]
[ECO "C55"]
[NIC "IG.01"]
[Time "14:01:28"]
[PlyCount "138"]
[TimeControl "1800+5"]

1. e4 e5 2. Nf3 Nc6 3. Bc4 Nf6 4. d3 Bb4+ 5. c3 Bc5 6. O-O O-O 7. Bg5 h6 8.
Bh4 g5 9. Bg3 d5 10. exd5 Nxd5 11. d4 exd4 12. cxd4 Bb6 13. Nc3 Be6 14.
Nxd5 Bxd5 15. Bxd5 Qxd5 16. Re1 Nxd4 17. Nxd4 Bxd4 18. Qh5 Qc6 19. Be5 Bxe5
20. Rxe5 Qf6 21. Rae1 Kg7 22. g3 Qg6 23. Qg4 f5 24. Qe2 f4 25. Re7+ Rf7 26.
Rxf7+ Qxf7 27. Qe7 fxg3 28. hxg3 Rf8 29. Qxf7+ Rxf7 30. Kg2 Rd7 31. Re2 h5
32. Kh3 g4+ 33. Kh4 Kg6 34. Re5 Rh7 35. Rg5+ Kf6 36. Rxh5 Rxh5+ 37. Kxh5
Kf5 38. Kh4 b5 39. Kh5 a5 40. Kh4 c5 41. Kh5 a4 42. Kh4 b4 43. Kh5 a3 44.
b3 c4 45. bxc4 b3 46. axb3 a2 47. f3 a1=Q 48. fxg4+ Kf6 49. g5+ Kg7 50. g6
Qa5+ 51. Kh4 Qb4 52. Kg5 Qxb3 53. c5 Qxg3+ 54. Kf5 Qc7 55. Ke6 Qxc5 56. Kd7
Qf5+ 57. Kd6 Qxg6+ 58. Kd5 Kf6 59. Kd6 Qf5 60. Kc6 Ke6 61. Kb6 Qd5 62. Ka6
Kd6 63. Kb6 Qc6+ 64. Ka5 Qc5+ 65. Ka6 Qb4 66. Ka7 Kc7 67. Ka6 Kc6 68. Ka7
Qb6+ 69. Ka8 Qb7# { White checkmated } 0-1

[Event "ICC tourney 2351 (30 5)"]
[Site "Internet Chess Club"]
[Date "2021.01.30"]
[Round "3"]
[White "Sah2yazeed"]
[Black "crlunag"]
[Result "1-0"]
[ICCResult "Black checkmated"]
[WhiteElo "942"]
[BlackElo "290"]
[Opening "Sicilian defense"]
[ECO "B30"]
[NIC "SI.31"]
[Time "14:02:19"]
[PlyCount "87"]
[TimeControl "1800+5"]

1. e4 c5 2. Nf3 Nc6 3. Nc3 Nf6 4. Bc4 e6 5. e5 Ng4 6. Qe2 f6 7. exf6 gxf6
8. O-O Bg7 9. h3 Nge5 10. d3 Nxf3+ 11. Qxf3 Ne5 12. Qh5+ Nf7 13. Qxc5 b6
14. Qh5 Bb7 15. Qg4 Ne5 16. Qh5+ Nf7 17. Ne4 Qc7 18. g3 f5 19. Bf4 Qc6 20.
Bb5 Qxb5 21. Nd6+ Ke7 22. Nxb5 Rac8 23. Bg5+ Bf6 24. Bxf6+ Kxf6 25. Rfd1
Rxc2 26. Qh4+ Kg6 27. Rdc1 Rxb2 28. g4 Rxb5 29. Qh5+ Kg7 30. Rc7 Bf3 31.
Rxd7 Rf8 32. Qg5+ Kh8 33. Qf6+ Kg8 34. Re1 e5 35. Qxf5 Bd5 36. a4 Rc5 37.
d4 exd4 38. Ree7 Rc1+ 39. Kh2 Rh1+ 40. Kg3 Rg1+ 41. Kh4 Bc6 42. Rxf7 Rxf7
43. Qxf7+ Kh8 44. Qxh7# { Black checkmated } 1-0

[Event "ICC tourney 2351 (30 5)"]
[Site "Internet Chess Club"]
[Date "2021.01.30"]
[Round "4"]
[White "NathanE42"]
[Black "Gabesw"]
[Result "1/2-1/2"]
[ICCResult "Game drawn because neither player has mating material"]
[WhiteElo "956"]
[BlackElo "903"]
[Opening "Scotch opening"]
[ECO "C44"]
[NIC "KP.10"]
[Time "16:00:59"]
[PlyCount "86"]
[TimeControl "1800+5"]

1. e4 e5 2. Nf3 Nc6 3. d4 d6 4. d5 Nd4 5. Nxd4 exd4 6. Qxd4 Nf6 7. e5 dxe5
8. Qxe5+ Qe7 9. Qxe7+ Bxe7 10. Nc3 O-O 11. Bd3 Bb4 12. Bd2 Bxc3 13. Bxc3
Nxd5 14. O-O Nxc3 15. bxc3 h6 16. Rfe1 Be6 17. Be4 c6 18. Red1 Rad8 19.
Rxd8 Rxd8 20. h3 f5 21. Bd3 b5 22. Rd1 Bxa2 23. g4 fxg4 24. Bh7+ Kxh7 25.
Rxd8 gxh3 26. Kh2 Be6 27. Ra8 Kg6 28. Rxa7 Kf6 29. Ra6 Kf5 30. Rxc6 Bc4 31.
Rc7 Kf4 32. Rxg7 Kf3 33. Rg3+ Kxf2 34. Rxh3 Ke2 35. Rxh6 Kd2 36. Rh5 Kxc3
37. Rh3+ Kxc2 38. Kg1 b4 39. Kf2 b3 40. Ke1 Bd3 41. Rh2+ Kc3 42. Kd1 b2 43.
Rxb2 Kxb2 { Game drawn because neither player has mating material } 1/2-1/2

[Event "ICC tourney 2351 (30 5)"]
[Site "Internet Chess Club"]
[Date "2021.01.30"]
[Round "4"]
[White "Quinlandia"]
[Black "Thisguy314"]
[Result "1-0"]
[ICCResult "Black checkmated"]
[WhiteElo "1163"]
[BlackElo "1063"]
[Opening "Three knights game"]
[ECO "C46"]
[NIC "KP.06"]
[Time "16:01:03"]
[PlyCount "51"]
[TimeControl "1800+5"]

1. e4 e5 2. Nf3 Nc6 3. Nc3 Bc5 4. Nxe5 Bxf2+ 5. Kxf2 Nxe5 6. Ke1 Qh4+ 7. g3
Qf6 8. Bg2 d5 9. d4 Ng4 10. Rf1 Qb6 11. Nxd5 Qc6 12. Qf3 N8f6 13. e5 Nxh2
14. Nxf6+ gxf6 15. Qxc6+ bxc6 16. Rh1 Bd7 17. Rxh2 fxe5 18. dxe5 Rg8 19.
Rxh7 O-O-O 20. Bf4 Bf5 21. Rxf7 Bxc2 22. Bxc6 Rh8 23. e6 Ba4 24. Rxc7+ Kb8
25. Rd7+ Kc8 26. Bb7# { Black checkmated } 1-0

[Event "ICC tourney 2351 (30 5)"]
[Site "Internet Chess Club"]
[Date "2021.01.30"]
[Round "4"]
[White "BadChessNotGood"]
[Black "WaileaS"]
[Result "1-0"]
[ICCResult "Black checkmated"]
[WhiteElo "437"]
[BlackElo "1027"]
[Opening "Caro-Kann: two knights variation"]
[ECO "A04"]
[NIC "QP.11"]
[Time "16:01:00"]
[PlyCount "37"]
[TimeControl "1800+5"]

1. Nf3 c6 2. e4 d5 3. Nc3 dxe4 4. Nxe4 Bf5 5. Ng3 Bg6 6. Bc4 Nd7 7. d4 e6
8. O-O Ngf6 9. Re1 c5 10. d5 Nb6 11. Bb5+ Nfd7 12. dxe6 fxe6 13. Rxe6+ Kf7
14. Ng5+ Kg8 15. Qe2 a6 16. Rxg6 Qe7 17. Bc4+ Nxc4 18. Qxc4+ Qf7 19. Qxf7#
{ Black checkmated } 1-0

[Event "ICC tourney 2351 (30 5)"]
[Site "Internet Chess Club"]
[Date "2021.01.30"]
[Round "4"]
[White "NateSAHE"]
[Black "crlunag"]
[Result "1-0"]
[ICCResult "Black checkmated"]
[WhiteElo "920"]
[BlackElo "290"]
[Opening "Paleface attack"]
[ECO "A45"]
[NIC "QP.07"]
[Time "16:01:08"]
[PlyCount "111"]
[TimeControl "1800+5"]

1. d4 Nf6 2. f3 g6 3. e4 Bg7 4. Nc3 O-O 5. Bc4 e6 6. Be3 d5 7. exd5 exd5 8.
Bd3 Qe8 9. Qe2 Nc6 10. O-O-O Nxd4 11. Bxd4 Qxe2 12. Ngxe2 Bf5 13. Bxf5 gxf5
14. Rhe1 Rae8 15. Nf4 Rxe1 16. Rxe1 b6 17. Bxf6 Bxf6 18. Nfxd5 Bd8 19. Re5
f6 20. Rxf5 Kf7 21. Ne4 c6 22. Ndxf6 Bxf6 23. Rxf6+ Kg7 24. Rxf8 Kxf8 25.
f4 c5 26. f5 c4 27. f6 b5 28. Nd6 a6 29. h4 h5 30. b3 cxb3 31. cxb3 Kg8 32.
f7+ Kf8 33. Kd2 a5 34. a4 bxa4 35. bxa4 Ke7 36. Ke3 Kf8 37. Ke4 Ke7 38. Ke5
Kf8 39. Kf5 Ke7 40. Kg5 Kf8 41. Kxh5 Ke7 42. g4 Kf8 43. g5 Kg7 44. g6 Kf8
45. g7+ Kxg7 46. Kg5 Kf8 47. h5 Kg7 48. h6+ Kf8 49. Kg6 Ke7 50. h7 Kxd6 51.
f8=Q+ Kc6 52. h8=Q Kb6 53. Qf5 Ka6 54. Qb5+ Ka7 55. Qg7+ Ka8 56. Qe8# {
Black checkmated } 1-0

[Event "ICC tourney 2351 (30 5)"]
[Site "Internet Chess Club"]
[Date "2021.01.30"]
[Round "4"]
[White "August2012"]
[Black "SABHEMischler"]
[Result "1-0"]
[ICCResult "Black checkmated"]
[WhiteElo "930"]
[BlackElo "628"]
[Opening "two knights defense: Fegatello attack"]
[ECO "C57"]
[NIC "KP.01"]
[Time "16:01:55"]
[PlyCount "33"]
[TimeControl "1800+5"]

1. e4 e5 2. Nf3 Nc6 3. Bc4 Nf6 4. Ng5 d5 5. exd5 Nxd5 6. Nxf7 Kxf7 7. Qf3+
Ke6 8. Nc3 Nb4 9. a3 Nxc2+ 10. Kd1 Nxa1 11. Nxd5 Kd6 12. Re1 g6 13. Nf6 Bg7
14. Qd5+ Ke7 15. Qxe5+ Kf8 16. Qe8+ Qxe8 17. Rxe8# { Black checkmated } 1-0

[Event "ICC tourney 2351 (30 5)"]
[Site "Internet Chess Club"]
[Date "2021.01.30"]
[Round "4"]
[White "Tumi2006"]
[Black "chessmessi14"]
[Result "0-1"]
[ICCResult "White checkmated"]
[WhiteElo "827"]
[BlackElo "965"]
[Opening "French defense"]
[ECO "C00"]
[NIC "FR.01"]
[Time "16:01:07"]
[PlyCount "74"]
[TimeControl "1800+5"]

1. e4 e6 2. Nf3 d5 3. Qe2 dxe4 4. Qxe4 Nf6 5. Qe2 Nc6 6. d3 Bc5 7. Be3 Bd6
8. d4 O-O 9. Nc3 Re8 10. O-O-O Nd5 11. Qd3 Nxc3 12. Qxc3 Bb4 13. Qd3 Qd5
14. Ng5 f5 15. c4 Qa5 16. g4 h6 17. Nh3 Qxa2 18. Kc2 Bd6 19. Bg2 Nb4+ 20.
Kc3 Nxd3 21. Kxd3 Qb3+ 22. Ke2 Qxc4+ 23. Ke1 Bb4+ 24. Bd2 Qxd4 25. Nf4 Qxf4
26. Rf1 Bxd2+ 27. Rxd2 Qb4 28. gxf5 exf5+ 29. Kd1 c6 30. h4 Be6 31. Re1
Bb3+ 32. Kc1 Rxe1+ 33. Rd1 Qc4+ 34. Kb1 Bc2+ 35. Kc1 Bd3+ 36. Kd2 Qc2+ 37.
Kxe1 Qe2# { White checkmated } 0-1

[Event "ICC tourney 2351 (30 5)"]
[Site "Internet Chess Club"]
[Date "2021.01.30"]
[Round "4"]
[White "saphtroyl"]
[Black "chess4bigbrain"]
[Result "0-1"]
[ICCResult "White checkmated"]
[WhiteElo "774"]
[BlackElo "1160"]
[Opening "Queen's pawn"]
[ECO "A40"]
[NIC "QO.17"]
[Time "16:01:55"]
[PlyCount "54"]
[TimeControl "1800+5"]

1. d4 c6 2. Nc3 d5 3. Nf3 e6 4. Bg5 Be7 5. Bxe7 Nxe7 6. e4 O-O 7. exd5 exd5
8. Bd3 Re8 9. O-O Qc7 10. Re1 Nd7 11. Ne5 Nxe5 12. Rxe5 Bd7 13. Rh5 h6 14.
Qf3 Qc8 15. Qg3 Bg4 16. Rh4 Ng6 17. Rxg4 Re6 18. Bxg6 Rxg6 19. Rxg6 fxg6
20. Qxg6 Qd7 21. Re1 Rf8 22. Qe6+ Qf7 23. Qxf7+ Rxf7 24. Re8+ Kh7 25. Ne2
b6 26. Ra8 Re7 27. Nf4 Re1# { White checkmated } 0-1

[Event "ICC tourney 2351 (30 5)"]
[Site "Internet Chess Club"]
[Date "2021.01.30"]
[Round "4"]
[White "Jairrycs"]
[Black "Aidan04"]
[Result "0-1"]
[ICCResult "White checkmated"]
[WhiteElo "965"]
[BlackElo "831"]
[Opening "Scotch game"]
[ECO "C45"]
[NIC "SO.05"]
[Time "16:01:55"]
[PlyCount "98"]
[TimeControl "1800+5"]

1. e4 e5 2. Nf3 Nc6 3. d4 exd4 4. Nxd4 Bc5 5. Be3 d6 6. Nxc6 bxc6 7. Bxc5
dxc5 8. Qxd8+ Kxd8 9. Nc3 Nf6 10. Bc4 Be6 11. O-O-O+ Kc8 12. Bxe6+ fxe6 13.
e5 Nd5 14. Nxd5 cxd5 15. Rhe1 Kd7 16. g3 g5 17. h4 h6 18. Rh1 Rhf8 19. hxg5
hxg5 20. Rhf1 g4 21. f4 gxf3 22. Rd2 Rf5 23. Rdf2 Rxe5 24. Rxf3 d4 25. g4
Rg8 26. Rg1 Reg5 27. Rfg3 Kd6 28. Kd2 Kd5 29. c3 e5 30. cxd4 cxd4 31. Kd3
e4+ 32. Ke2 c5 33. b3 Ke5 34. Rc1 Kd5 35. Rcg1 c4 36. bxc4+ Kxc4 37. Rc1+
Kd5 38. Rc7 Rxg4 39. Rxg4 Rxg4 40. Rd7+ Ke5 41. Rxa7 Rg2+ 42. Kf1 Rb2 43.
a4 d3 44. a5 d2 45. Re7+ Kd4 46. Rd7+ Ke3 47. Rxd2 Rxd2 48. a6 Kf3 49. a7
Rd1# { White checkmated } 0-1

[Event "ICC tourney 2351 (30 5)"]
[Site "Internet Chess Club"]
[Date "2021.01.30"]
[Round "4"]
[White "Sawhadam"]
[Black "AdamD06"]
[Result "0-1"]
[ICCResult "White checkmated"]
[WhiteElo "1076"]
[BlackElo "1018"]
[Opening "English opening"]
[ECO "A20"]
[NIC "EO.24"]
[Time "16:01:12"]
[PlyCount "46"]
[TimeControl "1800+5"]

1. c4 e5 2. g3 Nf6 3. Nf3 Nc6 4. Bg2 Bc5 5. e3 d6 6. O-O Bg4 7. h3 Bh5 8.
g4 Nxg4 9. hxg4 Bxg4 10. Nc3 Qf6 11. Nd5 Qd8 12. a3 e4 13. b4 Bb6 14. a4 a6
15. a5 Ba7 16. Bb2 O-O 17. Qc2 exf3 18. Bh1 Bh3 19. Qc3 Qg5+ 20. Kh2 f6 21.
Rg1 Qh4 22. Rg3 Bg2+ 23. Kg1 Qxh1# { White checkmated } 0-1

[Event "ICC tourney 2351 (30 5)"]
[Site "Internet Chess Club"]
[Date "2021.01.30"]
[Round "4"]
[White "GibsonH"]
[Black "SAHEliz"]
[Result "0-1"]
[ICCResult "White checkmated"]
[WhiteElo "1099"]
[BlackElo "1035"]
[Opening "QGD: semi-Slav"]
[ECO "D10"]
[NIC "SL.06"]
[Time "16:01:54"]
[PlyCount "140"]
[TimeControl "1800+5"]

1. d4 d5 2. c4 c6 3. Nc3 e6 4. Nf3 f5 5. Bg5 Nf6 6. e3 Bd6 7. Bd3 O-O 8.
O-O Nbd7 9. b3 h6 10. Bxf6 Rxf6 11. Re1 Rg6 12. Be2 h5 13. cxd5 cxd5 14.
Nh4 Qxh4 15. h3 Qg5 16. g4 fxg4 17. hxg4 hxg4 18. Bxg4 Qxg4+ 19. Qxg4 Rxg4+
20. Kf1 Nf6 21. Nb5 Bb4 22. Rec1 Bd7 23. Nc7 Rf8 24. Ke2 Ne4 25. f3 Ng3+
26. Kf2 Rg6 27. Rg1 Ne4+ 28. Ke2 Nc3+ 29. Kd3 Rxg1 30. Rxg1 Rxf3 31. a3 Ba5
32. Na8 Ne4 33. b4 Bd8 34. Rc1 Bb5+ 35. Kc2 Rf2+ 36. Kb3 Nd2+ 37. Kb2 Ba4
38. Rc8 Nc4+ 39. Kc3 Rc2+ 40. Kd3 Ne5+ 41. dxe5 Rxc8 42. Kd4 Rxa8 43. e4
dxe4 44. Kxe4 Bc6+ 45. Kd4 Bb6+ 46. Kc4 Bd5+ 47. Kb5 Rc8 48. Ka4 Bf2 49. b5
b6 50. Kb4 Rc4+ 51. Kb3 Re4+ 52. Kc3 Rxe5 53. a4 Re3+ 54. Kd4 Ra3+ 55. Ke5
Rxa4 56. Kd6 Bc5+ 57. Kc7 g5 58. Kd7 g4 59. Kc7 g3 60. Kd7 g2 61. Kc7 g1=Q
62. Kc8 Bb7+ 63. Kxb7 Qg7+ 64. Kc6 Qg2+ 65. Kd7 Ba3 66. Kc7 Rc4+ 67. Kb8
Qg3+ 68. Kxa7 Qg7+ 69. Kxb6 Qc7+ 70. Ka6 Ra4# { White checkmated } 0-1

[Event "ICC tourney 2351 (30 5)"]
[Site "Internet Chess Club"]
[Date "2021.01.30"]
[Round "4"]
[White "Noah7474"]
[Black "paradoxical"]
[Result "0-1"]
[ICCResult "White checkmated"]
[WhiteElo "1145"]
[BlackElo "1050"]
[Opening "Vienna game"]
[ECO "C25"]
[NIC "VG.04"]
[Time "16:01:09"]
[PlyCount "60"]
[TimeControl "1800+5"]

1. e4 e5 2. Nc3 b6 3. f4 f6 4. f5 Bb7 5. d3 Nc6 6. Nf3 Bb4 7. Bd2 Bxc3 8.
Bxc3 d6 9. Be2 Nge7 10. O-O g6 11. fxg6 hxg6 12. h3 Qd7 13. Nh2 O-O-O 14.
Bg4 f5 15. exf5 gxf5 16. Bf3 Rdg8 17. Rf2 Kb8 18. Kh1 d5 19. b4 e4 20. dxe4
d4 21. Bb2 fxe4 22. Bxe4 Rh4 23. Qe2 Re8 24. Bxc6 Bxc6 25. Qf1 Qd6 26. a3
Rxh3 27. Rf4 Ng6 28. Kg1 Nxf4 29. Nf3 Ne2+ 30. Kf2 Qg3# { White checkmated
} 0-1

[Event "ICC tourney 2351 (30 5)"]
[Site "Internet Chess Club"]
[Date "2021.01.30"]
[Round "4"]
[White "ArielB"]
[Black "mattshaf"]
[Result "1-0"]
[ICCResult "Black resigns"]
[WhiteElo "979"]
[BlackElo "979"]
[Opening "Sicilian: Alapin's variation (2.c3)"]
[ECO "B22"]
[NIC "SI.46"]
[Time "16:01:54"]
[PlyCount "61"]
[TimeControl "1800+5"]

1. e4 c5 2. c3 Nc6 3. d4 e6 4. Nf3 d6 5. Be2 Nf6 6. Qd3 Be7 7. O-O O-O 8.
e5 Nd7 9. exd6 Bxd6 10. Be3 cxd4 11. Bxd4 Bc5 12. Bxc5 Nxc5 13. Qc4 b6 14.
b4 Ba6 15. Qf4 Bxe2 16. bxc5 Bxf1 17. Kxf1 bxc5 18. Qe4 Ne7 19. Nbd2 Nd5
20. c4 Nf6 21. Qe5 Qd3+ 22. Kg1 Rfc8 23. Rb1 Rd8 24. h3 Qa3 25. Rb7 Rd7 26.
Rb8+ Rd8 27. Rb7 Rd7 28. Qb8+ Rd8 29. Qc7 Rd7 30. Rb8+ Ne8 31. Rxa8 { Black
resigns } 1-0

[Event "ICC tourney 2351 (30 5)"]
[Site "Internet Chess Club"]
[Date "2021.01.30"]
[Round "4"]
[White "RichieHeller"]
[Black "Iankhan"]
[Result "0-1"]
[ICCResult "White checkmated"]
[WhiteElo "841"]
[BlackElo "1084"]
[Opening "French: advance, Paulsen attack"]
[ECO "C00"]
[NIC "FR.01"]
[Time "16:01:01"]
[PlyCount "68"]
[TimeControl "1800+5"]

1. e4 e6 2. Nf3 d5 3. e5 c5 4. c3 Nc6 5. d4 Qb6 6. Be2 cxd4 7. cxd4 Nge7 8.
O-O Nf5 9. Qa4 Bd7 10. Bb5 a6 11. Bxc6 Bxc6 12. Qb3 Qa7 13. Be3 Be7 14. Re1
O-O 15. Nbd2 Rac8 16. h3 Bd8 17. g4 Ne7 18. Qd3 Bb5 19. Qb1 Bb6 20. Ng5 Ng6
21. Ndf3 h6 22. h4 hxg5 23. Nxg5 Bd8 24. h5 Bxg5 25. Bxg5 Nh8 26. Be3 Rc4
27. Kg2 Rfc8 28. Rh1 Kf8 29. Qh7 Ke7 30. Bg5+ Kd7 31. Qxg7 Qxd4 32. Rh4 Rc2
33. Rb1 Qxf2+ 34. Kh1 Qg2# { White checkmated } 0-1

[Event "ICC tourney 2351 (30 5)"]
[Site "Internet Chess Club"]
[Date "2021.01.30"]
[Round "4"]
[White "LionsDavidM"]
[Black "ghalexa"]
[Result "0-1"]
[ICCResult "White checkmated"]
[WhiteElo "913"]
[BlackElo "793"]
[Opening "Ruy Lopez: old Steinitz defense"]
[ECO "C62"]
[NIC "RL.02"]
[Time "16:01:55"]
[PlyCount "156"]
[TimeControl "1800+5"]

1. e4 e5 2. Nf3 Nc6 3. Bb5 d6 4. h3 Bd7 5. Nc3 a6 6. Ba4 Nf6 7. d3 b5 8.
Bb3 Be7 9. Bg5 h6 10. Bh4 O-O 11. Nd5 Be6 12. Nxf6+ Bxf6 13. Bxf6 Qxf6 14.
Bxe6 Qxe6 15. O-O Qg6 16. Nh4 Qf6 17. Nf3 Nd4 18. Nxd4 exd4 19. f4 Rfe8 20.
f5 Re7 21. Qf3 Rae8 22. Rae1 d5 23. b3 c6 24. a4 bxa4 25. bxa4 a5 26. Kh1
Qh4 27. Kg1 dxe4 28. dxe4 Rxe4 29. Rxe4 Rxe4 30. Rb1 c5 31. Rb8+ Kh7 32.
Rb7 Re1+ 33. Kh2 f6 34. Ra7 Re3 35. Qg4 Qg5 36. Qxg5 hxg5 37. Rxa5 Rc3 38.
Ra7 Rxc2 39. a5 Ra2 40. Ra8 Kh6 41. a6 d3 42. Rd8 d2 43. a7 Rxa7 44. Rxd2
Rc7 45. Rc2 c4 46. g4 c3 47. Kg3 g6 48. fxg6 Kxg6 49. Kg2 Kg7 50. Kf3 Kf7
51. Ke4 Ke6 52. Kf3 Kd5 53. Kg3 Kd4 54. Rc1 Kd3 55. Kf2 Kd2 56. Rf1 c2 57.
Kf3 Rc3+ 58. Ke4 Rc4+ 59. Kd5 Rc3 60. Kd4 c1=Q 61. Rxc1 Rxc1 62. Ke4 Rf1
63. Kd5 Re1 64. Kd4 Ke2 65. Kd5 Kf2 66. Kd6 Kg3 67. h4 Kxh4 68. Kd7 Kxg4
69. Kd6 Kf4 70. Kd5 g4 71. Kd6 g3 72. Kd5 g2 73. Kd6 g1=Q 74. Kd5 Qg2+ 75.
Kd6 Qd2+ 76. Kc5 Rc1+ 77. Kb5 Qb2+ 78. Ka4 Ra1# { White checkmated } 0-1

[Event "ICC tourney 2351 (30 5)"]
[Site "Internet Chess Club"]
[Date "2021.01.30"]
[Round "4"]
[White "Smittyboy13"]
[Black "ChessPandaLu"]
[Result "1-0"]
[ICCResult "Black resigns"]
[WhiteElo "808"]
[BlackElo "305"]
[Opening "QGD: 4.Bg5"]
[ECO "D50"]
[NIC "QO.16"]
[Time "16:01:07"]
[PlyCount "51"]
[TimeControl "1800+5"]

1. d4 d5 2. c4 e6 3. Nc3 Nf6 4. Bg5 Bb4 5. e3 Bxc3+ 6. bxc3 Nc6 7. Nf3 h6
8. Bh4 g5 9. Bg3 b6 10. Qa4 Bb7 11. Ne5 O-O 12. Nxc6 Bxc6 13. Qxc6 Rc8 14.
Qa4 a5 15. Bd3 Re8 16. O-O Kg7 17. cxd5 Qxd5 18. c4 Qd8 19. Be5 Kf8 20. h3
Nd7 21. Rad1 Nxe5 22. dxe5 Qe7 23. Qc2 Red8 24. f4 f6 25. exf6 Qxf6 26.
fxg5 { Black resigns } 1-0